 Dungeon Crawl Stone Soup version 0.27.0-1-g7a089689b8 (webtiles) character file.

Game seed: 12626458901548472989

1402 mhtbhm the Cleaver (level 8, 0/106 HPs)
             Began as a Minotaur Berserker on July 31, 2021.
             Was a Priest of Trog.
             Slain by an ufetubus (3 damage)
             ... on level 5 of the Dungeon.
             The game lasted 00:04:16 (6435 turns).

mhtbhm the Cleaver (Minotaur Berserker)             Turns: 6435, Time: 00:04:17

Health: 0/106      AC:  7    Str: 23    XL:     8   Next: 42%
Magic:  7/7        EV: 12    Int:  4    God:    Trog [***...]
Gold:   278        SH:  0    Dex: 11    Spells: 7/7 levels left

rFire    . . .     SeeInvis +   a - +0 hand axe
rCold    . . .     Faith    .   (no shield)
rNeg     . . .     Spirit   .   b - +0 ring mail
rPois    .         Reflect  .   (helmet restricted)
rElec    .         Harm     .   s - +0 cloak
rCorr    .         Rampage  .   (no gloves)
Will     .....                  (no boots)
Stlth    ..........             (no amulet)
HPRegen  0.27/turn              c - ring of see invisible
MPRegen  0.10/turn              (no ring)

@: berserking, very quick
A: horns 2, retaliatory headbutt
a: Renounce Religion, Berserk, Trog's Hand


You were on level 5 of the Dungeon.
You worshipped Trog.
Trog was most pleased with you.
You visited 1 branch of the dungeon, and saw 5 of its levels.

You collected 278 gold pieces.

Inventory:

Hand Weapons
 a - a +0 hand axe (weapon)
Missiles
 o - 2 throwing nets (quivered)
Armour
 b - a +0 ring mail (worn)
 s - a +0 cloak (worn)
Jewellery
 c - a ring of see invisible (left hand)
Wands
 n - a wand of iceblast (6)
 t - a wand of mindburst (8)
Scrolls
 d - a scroll of immolation
 g - 3 scrolls of enchant weapon {unknown}
 h - 2 scrolls of magic mapping {unknown}
 i - a scroll of fear {unknown}
 j - 2 scrolls of amnesia {unknown}
 k - a scroll of teleportation {unknown}
 p - 2 scrolls of identify
 u - 2 scrolls of enchant armour {unknown}
Potions
 f - a potion of mutation {unknown}
 l - a potion of might {unknown}
 m - a potion of lignification {unknown}
 q - 2 potions of curing {unknown}
 r - a potion of flight {unknown}


   Skills:
 + Level 6.6 Fighting
 + Level 9.0 Axes
 + Level 6.4 Armour
 + Level 4.5 Dodging
 - Level 0.3 Stealth


You had 7 spell levels left.
You didn't know any spells.
Your spell library was empty.

Dungeon Overview and Level Annotations

Branches:
Dungeon (5/15)             Temple (0/1) D:4

Altars:
Trog

Shops:
D:3 =


Innate Abilities, Weirdness & Mutations

You have a pair of horns on your head.
You reflexively headbutt those who attack you in melee.


Message History

Prince Ribbit hits you!
* * * LOW HITPOINT WARNING * * *
You feel much better.
Prince Ribbit catches a small bird with his tongue.
Prince Ribbit hits you.
Prince Ribbit lets out a mournful croak.
Prince Ribbit hits you!
A red film seems to cover your vision as you go berserk!
You feel yourself moving faster!
You feel mighty! Prince Ribbit hits you!
* * * LOW HITPOINT WARNING * * *
You barely miss Prince Ribbit. Your headbutt misses Prince Ribbit.
Prince Ribbit is moderately wounded.
Prince Ribbit hits you but does no damage.
You barely miss Prince Ribbit.
Prince Ribbit is moderately wounded.
Prince Ribbit hops awkwardly around.
Prince Ribbit hits you.
* * * LOW HITPOINT WARNING * * *
You barely miss Prince Ribbit.
Prince Ribbit is moderately wounded.
Prince Ribbit hits you!
* * * LOW HITPOINT WARNING * * *
You closely miss Prince Ribbit. You headbutt Prince Ribbit!
Prince Ribbit is severely wounded.
You slash Prince Ribbit!
Prince Ribbit is almost dead.
Prince Ribbit hits you!
* * * LOW HITPOINT WARNING * * *
You closely miss Prince Ribbit. You headbutt Prince Ribbit!
You kill Prince Ribbit!
Trog accepts your kill.
Trog appreciates your killing of a magic user.
Prince Ribbit returns to his original shape as he dies.
Your Axes skill increases to level 9!
Unknown command.
Unknown command.
The iguana bites you.
* * * LOW HITPOINT WARNING * * *
The ufetubus hits you.
You die...

#(..........'.............
###.........####.....^####
#.......### #.......##. #.......#
#.....#.... #.......# #.....#....
#.......# #.......... #.......#
#....#.....
#.#################.....
#.....l@...[............
##########.....5#############...#
.........'............ ..........
##########............ #######..#
#.......######.......########.#
#.##....# .................
#.##....# .......########..
#.##....# ...(.. ##. #.##....#
..... #.


You could see an iguana and an ufetubus.

Vanquished Creatures
  Grinder (D:4)
  Prince Ribbit (D:5)
  A wyvern (D:5)
  A water moccasin (D:5)
  Duvessa (D:4)
  A phantom (D:4)
  Blork the orc (D:4)
  A gnoll sergeant (D:5)
  Dowan (D:4)
  A gnoll shaman (D:5)
  Crazy Yiuf (D:4)
  An iguana (D:4)
  Natasha (thrice) (D:2)
  A hound zombie (D:5)
  A hound skeleton (D:4)
  7 gnolls (D:3)
  6 adders
  A white imp (D:3)
  A worm (D:2)
  A dart slug (D:2)
  2 orcs
  7 bats
  7 endoplasms
  A giant cockroach (D:1)
  5 goblins
  4 hobgoblins
  6 jackals
  6 kobolds
  5 quokkas
  3 ball pythons
  3 frilled lizards
  4 rats
86 creatures vanquished.

Vanquished Creatures (others)
  2 fungi (D:4)
2 creatures vanquished.

Grand Total: 88 creatures vanquished

Notes
Turn   | Place    | Note
-------+----------+-------------------------------------------
     0 | D:1      | mhtbhm the Minotaur Berserker began the quest for the Orb.
     0 | D:1      | Reached XP level 1. HP: 19/19 MP: 0/0
   561 | D:1      | Reached XP level 2. HP: 25/27 MP: 1/1
  1048 | D:1      | Reached ** piety under Trog
  1302 | D:2      | Reached skill level 4 in Axes
  1302 | D:2      | Reached XP level 3. HP: 26/33 MP: 2/2
  1612 | D:2      | Noticed Natasha
  1616 | D:2      | Killed Natasha
  1620 | D:2      | Reached XP level 4. HP: 41/41 MP: 3/3
  1702 | D:2      | Noticed Natasha
  1707 | D:2      | Killed Natasha
  1769 | D:2      | Noticed Natasha
  1776 | D:2      | Killed Natasha
  2119 | D:2      | Reached skill level 5 in Axes
  2395 | D:3      | Reached XP level 5. HP: 47/47 MP: 4/4
  2834 | D:3      | Reached *** piety under Trog
  3046 | D:3      | Found Jigoc's Jewellery Shop.
  3414 | D:4      | Found a staircase to the Ecumenical Temple.
  3430 | D:4      | Noticed Grinder
  3435 | D:4      | Paralysed by Grinder for 7 turns
  3452 | D:4      | Killed Grinder
  3453 | D:4      | Reached skill level 5 in Fighting
  3453 | D:4      | Reached skill level 6 in Axes
  3453 | D:4      | Reached XP level 6. HP: 33/56 MP: 5/5
  3579 | D:4      | Found a runed translucent door.
  3580 | D:4      | Noticed Crazy Yiuf
  3674 | D:4      | Reached skill level 5 in Armour
  3984 | D:4      | Noticed Dowan
  3986 | D:4      | Noticed Duvessa
  3989 | D:4      | Killed Dowan
  3990 | D:4      | Reached XP level 7. HP: 48/61 MP: 6/6
  3999 | D:4      | Killed Duvessa
  4000 | D:4      | Reached skill level 7 in Axes
  4267 | D:4      | Noticed Blork the orc
  4277 | D:4      | Killed Blork the orc
  5195 | D:4      | Killed Crazy Yiuf
  5416 | D:5      | Entered Level 5 of the Dungeon
  5458 | D:5      | Reached skill level 8 in Axes
  5487 | D:5      | Noticed a wyvern
  5499 | D:5      | Reached XP level 8. HP: 42/70 MP: 7/7
  5999 | D:5      | Noticed Prince Ribbit
  6003 | D:5      | Found a bloodstained altar of Trog.
  6434 | D:5      | Killed Prince Ribbit
  6435 | D:5      | Reached skill level 9 in Axes
  6435 | D:5      | HP: 3/106 [iguana (6)]
  6435 | D:5      | Slain by an ufetubus

Illustrated notes

Levels and vault maps discovered:
D:1:      amcnicky_arrival_single_pillar, layout_loops_ring
D:2:      layout_rooms, serial_rivers, chequers_serial_rivers_small_3,
          chequers_serial_rivers_micro_d, chequers_serial_rivers_room_a,
          chequers_serial_rivers_micro_b, kennysheep_cross_bottleneck,
          uniq_natasha
D:3:      layout_rooms, serial_shops, shop
D:4:      layout_basic, temple_pool_b, minmay_misc_feat_secret_circle,
          uniq_crazy_yiuf_cottage, uniq_blork_the_orc, uniq_grinder,
          uniq_duvessa
D:5:      layout_basic, lemuel_tele_altar, minmay_manual_maat,
          uniq_prince_ribbit1

Skill      XL: |  1  2  3  4  5  6  7  8 |
---------------+-------------------------+-----
Fighting       | 4 5 6 |  6.6
Axes           | 4 5 6 8 9 |  9.0
Armour         | 3 4 5 6 |  6.4
Dodging        | 3 4 |  4.5
Stealth        | |  0.3

Action                   |  1- 3 |  4- 6 |  7- 9 || total
-------------------------+-------+-------+-------++-------
Melee: Hand axe          |    83 |    95 |    72 ||   250
       Headbutt          |    11 |    14 |    13 ||    38
Invok: Berserk           |     1 |     3 |     5 ||     9
  Use: Scroll            |       |     2 |       ||     2
       Potion            |       |       |     1 ||     1
Armor: Ring mail         |    24 |    20 |    10 ||    54
Dodge: Dodged            |    47 |    62 |    31 ||   140
